 Dungeon Crawl Stone Soup version 0.30.1-9-gdf580d7c3d (webtiles) character file.

Game seed: 14668491254124559243

114 lonewolfV2 the Shield-Bearer (level 5, -5/41 HPs)
             Began as a Formicid Fighter on Oct 11, 2023.
             Slain by a gnoll
             ... wielding a +0 flail
              (6 damage)
             ... on level 3 of the Dungeon.
             The game lasted 00:03:07 (1865 turns).

lonewolfV2 the Shield-Bearer (Formicid Fighter)     Turns: 1865, Time: 00:03:08

Health: -5/41      AC:  7    Str: 23    XL:     5   Next: 19%
Magic:  5/5        EV: 10    Int:  8    God:
Gold:   115        SH:  0    Dex: 15    Spells: 4/4 levels left

rFire   . . .        e - +3 double sword "Qeaggiemp" {flame, Str+3 Stlth+}
rCold   . . .        c - +1 buckler
rNeg    . . .        b - +0 scale mail
rPois   .            (helmet unavailable)
rElec   .            (no cloak)
rCorr   .            (no gloves)
SInv    +            (no boots)
Will    .....        (no amulet) Stlth
                     (no ring)
HPRegen 0.26/turn    (no ring)
MPRegen 0.09/turn

%: no passive effects
@: confused, mighty
A: permanent stasis, dig shafts and tunnels, antennae 3, four strong arms
a: Dig, Shaft Self


You were on level 3 of the Dungeon.
You visited 1 branch of the dungeon, and saw 3 of its levels.

You collected 115 gold pieces.

Inventory:

Hand Weapons
 a - a +1 war axe
 e - the +3 double sword "Qeaggiemp" (weapon) {flame, Str+3 Stlth+}
   (You acquired it on level 2 of the Dungeon)

   Str:       It affects your strength (+3).
   Stlth:     It makes you more stealthy.
Armour
 b - a +0 scale mail (worn)
 c - a +1 buckler (worn)
Scrolls
 l - a scroll of enchant armour
 m - a scroll of magic mapping
Potions
 d - 3 potions of might
 f - a potion of curing {unknown}
 g - a potion of attraction {unknown}
 h - a potion of invisibility {unknown}
 i - 2 potions of degeneration {unknown}
 j - a potion of ambrosia {unknown}
 k - a potion of brilliance {unknown}
 n - a potion of mutation {unknown}


   Skills:
 + Level 3.6 Fighting
 + Level 1.3 Long Blades
 + Level 2.9 Axes
 + Level 4.0 Armour
 + Level 1.0 Dodging
 + Level 0.3 Stealth
 + Level 4.8 Shields


You had 4 spell levels left.
You didn't know any spells.
Your spell library was empty.

Dungeon Overview and Level Annotations

Branches:
Dungeon (3/15)

Altars:
Fedhas


Innate Abilities, Weirdness & Mutations

You cannot be hasted, slowed, berserked, paralysed or teleported.
You can dig through walls and to a lower floor.
You have a pair of large antennae on your head. (SInv)
Your four strong arms can wield two-handed weapons with a shield.


Message History

Ijyb zaps a wand.
Your will is overpowered!
You are confused.
Ijyb is nearby!
Ijyb is nearby!
Ijyb is nearby!
You're too confused to move!
A gnoll comes into view. It is wielding a +0 flail.
The gnoll shouts!
A gnoll comes into view. It is wielding a +0 whip.
You feel less confused.
The gnoll shouts!
Ijyb barely misses you.
You barely miss Ijyb. You block Ijyb's attack.
You closely miss Ijyb.
Ijyb zaps a wand.
You resist with some effort.
A gnoll comes into view. It is wielding a +0 club.
You barely miss Ijyb.
The gnoll shouts!
You hear a shout!
Ijyb zaps a wand.
You resist with some effort. You block the gnoll's attack.
You block Ijyb's attack. The gnoll hits you with a +0 flail.
You barely miss Ijyb.
Ijyb zaps a wand.
Your will is overpowered!
You are confused.
A gnoll comes into view. It is wielding a +0 club.
The gnoll hits you but does no damage.
You miss Ijyb. Ijyb hits you with a +9 club. The gnoll closely misses you.
The gnoll hits you with a +0 whip. The gnoll misses you.
Ijyb zaps a wand.
Your will is overpowered!
You are more confused.
The gnoll hits you with a +0 flail!
You slash Ijyb! You burn Ijyb!
You kill Ijyb!
The gnoll closely misses you. The gnoll hits you with a +0 flail!
* * * LOW HITPOINT WARNING * * *
Your Long Blades skill increases to level 1!
Your Armour skill increases to level 4!
Your Dodging skill increases to level 1!
You have reached level 5!
You feel very mighty all of a sudden. The gnoll closely misses you.
The gnoll hits you with a +0 club.
* * * LOW HITPOINT WARNING * * *
The gnoll hits you with a +0 flail.
You die...

############
#..........#
#..........##+######
#...................
#...................
#............g......
#####...........@g.g....
.÷...............g......
##.######.#.##..........
#.# #†#.###########.
##.# #.#.# ...# #.#.#
#### #.#.# #.#.# #.#.#


You could see 4 gnolls.

Vanquished Creatures
  Ijyb (D:3)
  Terence (D:2)
  2 adders (D:3)
  A dart slug (D:3)
  An orc (D:3)
  5 endoplasms
  2 giant cockroaches
  5 goblins
  2 hobgoblins
  4 kobolds
  3 quokkas
  5 ball pythons
  5 bats
  4 frilled lizards (D:1)
  2 rats
43 creatures vanquished.

Notes
Turn   | Place    | Note
-------+----------+-------------------------------------------
     0 | D:1      | lonewolfV2 the Formicid Fighter began the quest for the
                  | Orb.
     0 | D:1      | Reached XP level 1. HP: 18/18 MP: 1/1
   103 | D:1      | Found a faded altar of an unknown god.
   123 | D:1      | Reached XP level 2. HP: 23/24 MP: 2/2
   633 | D:2      | Identified a scroll of acquirement
   633 | D:2      | Acquired the +3 double sword "Qeaggiemp" {flame, Str+3
                  | Stlth+}
   649 | D:2      | Reached XP level 3. HP: 27/29 MP: 3/3
   674 | D:2      | Noticed Terence
   682 | D:2      | Killed Terence
   974 | D:2      | Reached XP level 4. HP: 35/35 MP: 4/4
  1650 | D:3      | Found a blossoming altar of Fedhas.
  1852 | D:3      | Noticed Ijyb
  1864 | D:3      | Killed Ijyb
  1865 | D:3      | Reached skill level 1 in Long Blades
  1865 | D:3      | Reached skill level 1 in Dodging
  1865 | D:3      | Reached XP level 5. HP: 6/41 MP: 5/5
  1865 | D:3      | HP: 1/41 [gnoll/+0 club (5)]
  1865 | D:3      | Slain by a gnoll

Illustrated notes

Levels and vault maps discovered:
D:1:      amcnicky_arrival_feature_with_door, layout_rooms,
          hellmonk_ecumenical_altar_run_dry
D:2:      layout_basic, mrwooster_statue_mirror, uniq_terence
D:3:      cheibrodos_thug_alley, layout_basic, mainiacjoe_overflow_24_doors,
          st_stairs_8, uniq_ijyb

Skill      XL: |  1  2  3  4 |
---------------+-------------+-----
Long Blades    | 1 |  1.3
Armour         | 4 |  4.0
Dodging        | 1 |  1.0
Fighting       | |  3.6
Axes           | |  2.9
Stealth        | |  0.3
Shields        | |  4.8

Action                     |  1- 3 |  4- 6 || total
---------------------------+-------+-------++-------
  Melee: War axe           |    52 |       ||    52
         Double sword      |     9 |    65 ||    74
Ability: Dig               |     3 |       ||     3
    Use: Scroll            |     4 |     3 ||     7
         Potion            |       |     1 ||     1
 Armour: Scale mail        |    46 |    26 ||    72
  Dodge: Dodged            |    40 |    42 ||    82
  Block: Buckler           |    25 |    29 ||    54
